 Dungeon Crawl Stone Soup version 0.30-a0-600-gb7c8574cbb (webtiles) character file.

Game seed: 14227970931536888548

403 BlackLaughter the Cudgeller (level 6, -2/39 HPs)
             Began as a Gargoyle Fighter on Jan 7, 2023.
             Killed by divine providence
             ... invoked by an orc priest
              (12 damage)
             ... on level 4 of the Dungeon.
             The game lasted 00:12:14 (3284 turns).

BlackLaughter the Cudgeller (Gargoyle Fighter)      Turns: 3284, Time: 00:12:15

Health: -2/39      AC: 16    Str: 19    XL:     6   Next: 86%
Magic:  24/24      EV:  7    Int:  9    God:
Gold:   158        SH:  5    Dex: 11    Spells: 5/5 levels left

rFire   . . .      SeeInvis .    a - +1 flail
rCold   . . .      Faith    .    c - +0 buckler
rNeg    + . .      Spirit   .    f - +0 chain mail
rPois   ∞          Reflect  .    (no helmet)
rElec   +          Harm     .    q - +0 cloak
rCorr   .          Rampage  .    (no gloves)
Will    .....                    h - +0 pair of boots Stlth
                                 (no amulet)
HPRegen 0.26/turn                g - ring of magical power
MPRegen 0.19/turn                n - ring of magical power

@: no status effects
A: sickness immunity, AC +4, negative energy resistance 1, electricity
resistance, torment resistance 1, petrification resistance, deterioration 1,
MP-powered wands
a: no special abilities


You were on level 4 of the Dungeon.
You visited 1 branch of the dungeon, and saw 4 of its levels.

You collected 194 gold pieces.
You spent 36 gold pieces at shops.

Inventory:

Hand Weapons
 a - a +1 flail (weapon)
 e - a +0 trident
 o - a +0 whip
Armour
 b - a +0 scale mail
 c - a +0 buckler (worn)
 f - a +0 chain mail (worn)
 h - a +0 pair of boots (worn)
 m - a +0 ring mail of willpower
 q - a +0 cloak (worn)
Jewellery
 g - a ring of magical power (left hand)
 n - a ring of magical power (right hand)
Scrolls
 j - a scroll of teleportation
 l - 2 scrolls of amnesia
Potions
 d - a potion of might
 i - 4 potions of curing
 k - a potion of heal wounds
 p - a potion of haste {unknown}


   Skills:
 + Level 4.5 Fighting
 + Level 4.7 Maces & Flails
 + Level 4.4 Armour
 + Level 1.1 Dodging
 + Level 0.5 Stealth
 + Level 4.4 Shields


You had 5 spell levels left.
You didn't know any spells.
Your spell library contained the following spells:

 Spells                   Type           Power      Damage    Failure   Level
 Sting                    Tmut/Pois      0%         1d3       99%         1
 Poisonous Vapours        Pois/Air       0%         N/A       100%        2
 Call Canine Familiar     Summ           0%         N/A       100%        3
 Portal Projectile        Hex/Tloc       0%         N/A       100%        3
 Leda's Liquefaction      Hex/Erth       0%         N/A       100%        4
 Olgreb's Toxic Radiance  Pois           0%         N/A       100%        4
 Summon Ice Beast         Ice/Summ       0%         N/A       100%        4
 Summon Mana Viper        Hex/Summ       0%         N/A       100%        5
 Monstrous Menagerie      Summ           0%         N/A       100%        7


Dungeon Overview and Level Annotations

Branches:
Dungeon (4/15)
 Temple: D:4-7

Altars:
Ashenzari
Fedhas
Gozag
Makhleb

Shops:
D:1 !

Annotations:
D:4 2 transporters, capka3m's ghost, amateur FoHu


Innate Abilities, Weirdness & Mutations

You are immune to sickness and miasma.
Your stone body is resilient. (AC +4)
You are immune to poison.
You resist negative energy. (rN+)
You are resistant to electric shocks. (rElec)
You are resistant to unholy torment.
You are immune to petrification.
Your body sometimes deteriorates upon taking damage.
You expend magic power (3 MP) to strengthen your wands.


Message History

An orc comes into view. It is wielding a +0 club.
Found 20 gold pieces.
Found a roughly hewn altar of Beogh.
Okay, then.
You block the orc's attack.
You thump the orc!
You kill the orc!
The orc priest calls down the wrath of Beogh upon you.
Beogh smites you!
You sock the orc!
The orc is almost dead.
The orc priest calls upon Beogh to heal the orc.
The orc is healed somewhat.
The orc hits you with a +0 club.
You hit the orc.
The orc is moderately wounded.
The orc priest invokes the aid of Beogh against you.
Beogh smites you!
An orc comes into view. It is wielding a +0 flail.
The orc hits you but does no damage. x2; The orc moves out of view.
The orc priest begins to cast a cantrip, but forgets the words!
You closely miss the orc.
The orc is moderately wounded.
The orc completely misses you.
You hit the orc.
The orc is severely wounded.
The orc closely misses you.
You barely miss the orc.
The orc is severely wounded.
The orc hits you with a +0 club.
You hit the orc.
You kill the orc!
The orc wizard gestures wildly while chanting.
The orc wizard flickers and vanishes!
Deactivating autopickup; reactivate with Ctrl-A.
The orc priest hits you with a +0 club.
* * * LOW HITPOINT WARNING * * *
You hit the orc priest.
The orc priest is moderately wounded.
The orc priest calls down the wrath of Beogh upon you.
Beogh smites you!
You die...

# #.#
#...##.8.8.### #
#.# #.####oo...'o#
# #.# #.# #o# # #.#
#.# ### ##.# ####.#
#.# #.# #o.# .....#
#.# #.# #o##
########.###.# #.#
............#####o#
#######........@o.#
#############


You could see 2 orc priests.

Vanquished Creatures
  Sigmund (D:2)
  2 jellies (D:4)
  Crazy Yiuf (D:4)
  3 gnolls (D:4)
  7 adders
  A worm (D:2)
  8 orcs
  5 bats
  7 endoplasms
  3 giant cockroaches
  12 goblins
  3 hobgoblins
  2 jackals (D:3)
  A kobold (D:4)
  3 ball pythons
  5 frilled lizards
  3 rats
67 creatures vanquished.

Vanquished Creatures (others)
  A plant (D:2)
1 creature vanquished.

Grand Total: 68 creatures vanquished

Notes
Turn   | Place    | Note
-------+----------+-------------------------------------------
     0 | D:1      | BlackLaughter the Gargoyle Fighter began the quest for the
                  | Orb.
     0 | D:1      | Reached XP level 1. HP: 14/14 MP: 1/1
   143 | D:1      | Reached XP level 2. HP: 19/19 MP: 2/2
   315 | D:1      | Found Fiokin's Distillery.
   323 | D:1      | Bought a potion of curing for 36 gold pieces
   719 | D:2      | Reached XP level 3. HP: 21/23 MP: 3/3
   752 | D:2      | Noticed Sigmund
   775 | D:2      | HP: 1/23 [Sigmund/puff of flame (8)]
   776 | D:2      | Killed Sigmund
   777 | D:2      | Reached XP level 4. HP: 1/29 MP: 4/4
   777 | D:2      | Reached XP level 5. HP: 2/33 MP: 5/5
  1150 | D:2      | Found a blossoming altar of Fedhas.
  1478 | D:2      | Found a faded altar of an unknown god.
  1916 | D:3      | Reached XP level 6. HP: 38/38 MP: 6/6
  2039 | D:3      | Found a burning altar of Makhleb.
  2039 | D:3      | Found a broken altar of Ashenzari.
  2389 | D:3      | Gained mutation: You expend magic power (3 MP) to
                  | strengthen your wands. [potion of mutation]
  2389 | D:3      | Gained mutation: Your body sometimes deteriorates upon
                  | taking damage. [potion of mutation]
  2613 | D:4      | Found an opulent altar of Gozag.
  2646 | D:4      | Found a transporter.
  2653 | D:4      | Noticed capka3m's ghost (amateur FoHu)
  2654 | D:4      | Found a transporter.
  2654 | D:4      | Identified the +5 dire flail of the Insatiable Youths
                  | {heavy, rCorr MP+9 Int+2 Stlth+}
  2799 | D:4      | Reached skill level 1 in Dodging
  3151 | D:4      | Found a runed translucent door.
  3152 | D:4      | Noticed Crazy Yiuf
  3161 | D:4      | Killed Crazy Yiuf
  3284 | D:4      | Killed from afar by an orc priest

Illustrated notes

Levels and vault maps discovered:
D:1:      nagdon_arrival_zigzag_paths, layout_basic, serial_shops,
          nicolae_shop_temple_entry_statues_fountains, amethyst_killhole
D:2:      layout_loops_ring, shapermc_ecumenical_altar_mp_highgroup,
          serial_forest, infiniplex_forest_3_way,
          infiniplex_forest_lined_room_2, infiniplex_forest_straight_2,
          infiniplex_forest_clump_long, infiniplex_forest_pool,
          infiniplex_forest_clump_double, infiniplex_forest_straight_5,
          basic_altar, uniq_sigmund
D:3:      layout_basic, gammafunk_temple_overflow_elements
D:4:      layout_basic, nicolae_overflow_hidden_temple, gammafunk_ghost_smash,
          kennysheep_orc_chapel, uniq_crazy_yiuf_cottage

Skill      XL: |  1  2  3  4  5  6 |
---------------+-------------------+-----
Fighting       | 4 |  4.5
Maces & Flails | 3 4 |  4.7
Armour         | 4 |  4.4
Shields        | 4 |  4.4
Dodging        | 1 |  1.1
Stealth        | |  0.5

Action                   |  1- 3 |  4- 6 || total
-------------------------+-------+-------++-------
Melee: Flail             |    65 |   147 ||   212
  Use: Scroll            |     2 |     3 ||     5
       Potion            |       |     4 ||     4
Armor: Scale mail        |    42 |     6 ||    48
       Ring mail         |       |    53 ||    53
       Chain mail        |       |    23 ||    23
Dodge: Dodged            |    26 |    48 ||    74
Block: Buckler           |    10 |    24 ||    34

Table legend: (Time is in decaauts)
 A = Elapsed time spent in this place.
 B = Non-inter-level travel time spent in this place.
 C = Inter-level travel time spent in this place.
 D = Time resting spent in this place.
 E = Time spent auto-exploring this place.
 F = Levels seen in this place.
 G = Mean time per level.
                   A        B        C        D        E       F      G
               +--------+--------+--------+--------+--------+-----+--------+
         Total |   3336 |   3165 |    171 |    170 |   2412 |   4 |  834.0 |
       Dungeon |   3336 |   3165 |    171 |    170 |   2412 |   4 |  834.0 |
               +--------+--------+--------+--------+--------+-----+--------+

Top non-repeatable levels by time:
     D:2: 1109 daAuts
     D:4: 847 daAuts
     D:3: 705 daAuts
     D:1: 673 daAuts
